 Dungeon Crawl Stone Soup version 0.31-a0-542-gdc2a67831c (webtiles) character file.

Game seed: 11688783859814237669

3103 garrulousMonolith the Spear-Bearer (level 9, -1/63 (71) HPs)
             Began as a Gnoll Reaver on Aug 14, 2023.
             Was an Initiate of Ashenzari.
             Killed by divine providence
             ... invoked by Jeremiah
              (14 damage)
             ... on level 7 of the Dungeon.
             The game lasted 00:11:24 (6587 turns).

garrulousMonolith the Spear-Bearer (Gnoll Reaver)   Turns: 6587, Time: 00:11:25

HP:   -1/63 (71)    AC: 13    Str: 13    XL:     9   Next: 90%
MP:   28/28         EV: 19    Int: 14    God:    Ashenzari [......]
Gold: 307           SH:  0    Dex: 15    Spells: 11/22 levels left

rFire   . . .        R - +8 quarterstaff of Somewhere Else {spect, rPois MP+9 Dex+3}
rCold   . . .        (shield currently unavailable)
rNeg    . . .        w - +2 leather armour {Will+}
rPois   +            (no helmet)
rElec   .            y - +0 cloak
rCorr   .            j - +1 pair of gloves
SInv    .            (no boots)
Will    +....        D - amulet of magic regeneration
Stlth   +++          r - +5 ring of evasion
HPRegen 0.30/turn    x - ring of the Esoteric Servitude {AC+4, Alch, Dev} (curse)
MPRegen 0.61/turn

%: no passive effects
@: heavily drained
A: fangs 1, strong nose, distributed training
a: Renounce Religion, Shatter the Chains


You were on level 7 of the Dungeon.
You worshipped Ashenzari.
Ashenzari was noncommittal.
You visited 2 branches of the dungeon, and saw 8 of its levels.
You also visited: Ossuary.

You collected 404 gold pieces.
You spent 97 gold pieces at shops.

Inventory:

Hand Weapons
 z - the +6 short sword "Boubammo" {drain, rElec Str+2}
   (You found it on level 3 of the Dungeon)

   Str+2:     It affects your strength (+2).
   rElec:     It insulates you from electricity.
 E - a +1 spear of venom
 R - the +8 quarterstaff of Somewhere Else (weapon) {spect, rPois MP+9 Dex+3}
   (You found it on level 7 of the Dungeon)

   Dex+3:     It affects your dexterity (+3).
   rPois:     It protects you from poison MP+9: It affects your magic capacity
   (+9).
Missiles
 o - 10 poisoned darts (quivered)
Armour
 b - a +0 leather armour
 f - a +0 ring mail
 j - a +1 pair of gloves (worn)
 w - a +2 leather armour of willpower (worn)
 y - a +0 cloak (worn)
 I - a +0 tower shield
Jewellery
 l - an amulet of guardian spirit
 r - a +5 ring of evasion (left hand)
 x - the cursed ring of the Esoteric Servitude (right hand) {AC+4, Alch, Dev}
   (You found it on level 3 of the Dungeon)

   [ring of protection]

   AC+4:      It affects your AC (+4).
   It has a curse which improves the following skills: Alchemy: Poison Magic and
   Transmutations.
   Devices:   Evocations and Shapeshifting.
 D - an amulet of magic regeneration (around neck)
 F - a ring of fire
Talismans
 n - a beast talisman
Wands
 k - a wand of light (2)
 p - a wand of mindburst (14)
 v - a wand of charming (7)
 B - a wand of flame (14)
 H - a wand of roots (13)
Scrolls
 a - a scroll of poison {unknown}
 c - 6 scrolls of teleportation
 d - 3 scrolls of fog
 s - 3 scrolls of fear
 u - 4 scrolls of blinking
 G - 2 scrolls of enchant weapon
 J - 2 scrolls of noise
 K - 2 scrolls of amnesia {unknown}
 M - a scroll of torment {unknown}
 O - a scroll of revelation {unknown}
 Q - a scroll of immolation
Potions
 e - 2 potions of heal wounds
 g - 6 potions of curing
 h - 2 potions of resistance
 i - a potion of ambrosia
 m - 3 potions of brilliance
 q - 3 potions of attraction
 t - a potion of magic {unknown}
 A - 2 potions of might {unknown}
 C - a potion of haste {unknown}
 L - a potion of berserk rage {unknown}
 N - 2 potions of mutation {unknown}
 P - a potion of invisibility {unknown}


   Skills:
 + Level 6.7 Fighting
 + Level 4.8 Short Blades
 + Level 4.8 Long Blades
 + Level 4.8 Axes
 + Level 4.8 Maces & Flails
 + Level 8.2 Polearms
 + Level 4.8 Staves
 + Level 4.8 Ranged Weapons
 + Level 4.8 Throwing
 + Level 4.8 Armour
 + Level 6.7 Dodging
 + Level 4.8 Stealth
 + Level 4.8 Shields
 + Level 4.8 Unarmed Combat
 + Level 7.0 Spellcasting
 + Level 6.8 Conjurations
 + Level 3.9 Hexes
 + Level 3.9 Summonings
 + Level 3.9 Necromancy
 + Level 3.9 Translocations
 + Level 3.9(4.3) Transmutations
 + Level 3.9 Fire Magic
 + Level 3.9 Ice Magic
 + Level 3.9 Air Magic
 + Level 3.9 Earth Magic
 + Level 3.9(4.3) Poison Magic
 + Level 5.2 Invocations
 + Level 4.8(5.2) Evocations
 + Level 3.9(4.3) Shapeshifting


You had 11 spell levels left.
You knew the following spells:

 Your Spells              Type           Power      Damage    Failure   Level
a - Shock                 Conj/Air       80%        1d8       1%          1
b - Poisonous Vapours     Pois/Air       32%        N/A       4%          2
c - Hailstorm             Conj/Ice       20%        3d6       5%          3
d - Kiss of Death         Conj/Necr      80%        2d11      1%          1
e - Flame Wave            Conj/Fire      20%        2d7       19%         4

Your spell library contained the following spells:

 Spells                   Type           Power      Damage    Failure   Level
 Momentum Strike          Conj/Tloc      40%        3d9       2%          2
 Lesser Beckoning         Tloc           32%        N/A       5%          2
 Sublimation of Blood     Necr           16%        N/A       5%          2
 Mephitic Cloud           Conj/Pois/Air  19%        N/A       7%          3
 Gell's Gravitas          Tloc           16%        N/A       11%         3
 Inner Flame              Hex/Fire       16%        N/A       11%         3
 Ozocubu's Armour         Ice            16%        N/A       11%         3
 Swiftness                Air            16%        N/A       11%         3
 Teleport Other           Tloc           16%        N/A       11%         3
 Sticky Flame             Conj/Fire      20%        2d4       19%         4
 Petrify                  Tmut/Erth      16%        N/A       30%         4
 Airstrike                Air            8%         2d(2-18)  34%         4
 Irradiate                Conj/Tmut      10%        3d15      43%         5
 Freezing Cloud           Conj/Ice/Air   9%         6-21      54%         5
 Ozocubu's Refrigeration  Ice            8%         4d9       100%        7


Dungeon Overview and Level Annotations

Branches:
Dungeon (7/15)             Temple (1/1) D:6         Ossuary (visited)

Altars:
Ashenzari
Cheibriados
Elyvilon
Fedhas
Gozag
Kikubaaqudgha
Makhleb
Nemelex Xobeh
Okawaru
Qazlal
Ru
Sif Muna
Trog
Uskayaw
Vehumet
Wu Jian
Xom
Yredelemnul
Zin
The Shining One

Shops:
D:5 ?

Annotations:
D:3 1 runed translucent door, Crazy Yiuf
D:7 Jeremiah


Innate Abilities, Weirdness & Mutations

You have very sharp teeth.
Your uncanny sense of smell can sniff out nearby items.
Your experience applies equally to all skills.


Message History

Your +8 quarterstaff of Somewhere Else {spect, rPois MP+9 Dex+3} disappears.
The butterfly disappears in a burst of colours! x2
You hit Jeremiah.
Jeremiah is lightly wounded.
Your +8 quarterstaff of Somewhere Else {spect, rPois MP+9 Dex+3} hits Jeremiah.
The butterfly disappears in a burst of colours! x3
Jeremiah hits you with a +2 glaive of draining!
You feel drained.
You hit Jeremiah. Your bite misses Jeremiah.
Jeremiah is moderately wounded.
Your +8 quarterstaff of Somewhere Else {spect, rPois MP+9 Dex+3} hits Jeremiah.
The butterfly disappears in a burst of colours!
Jeremiah hits you with a +2 glaive of draining.
You feel drained.
Jeremiah hops!
Your +8 quarterstaff of Somewhere Else {spect, rPois MP+9 Dex+3} disappears.
The butterfly disappears in a burst of colours! x5
The butterfly disappears in a burst of colours! x2
The butterfly disappears in a burst of colours!
Jeremiah hits you with a +2 glaive of draining!
You feel drained.
You sock Jeremiah! You bite Jeremiah, but do no damage.
Jeremiah is heavily wounded.
Your +8 quarterstaff of Somewhere Else {spect, rPois MP+9 Dex+3} hits Jeremiah.
The butterfly disappears in a burst of colours!
Jeremiah lets out a twisted cry.
Something smites you!
* * * LOW HITPOINT WARNING * * *
You feel much better.
Your +8 quarterstaff of Somewhere Else {spect, rPois MP+9 Dex+3} disappears.
Jeremiah shouts, "O dreadful one, destroy my foe!"
Something smites you!
* * * LOW HITPOINT WARNING * * *
Aiming: Mindburst
Press: ? - help, Shift-Dir - straight line, f - Jeremiah
Aim: Jeremiah, wielding a +2 glaive of draining and wearing a +0 robe (heavily wounded, chance to affect: 68%) Jeremiah's mind is blasted!!
The butterfly disappears in a burst of colours! x2
Jeremiah cries, "Fearful master, protect me!"
Something smites you!
You die...

##########.#######
....................
....................
....................
.........b..........
....................
..........b.........
........b..bb.......
.......b.bb.@bb.....
...........Fb.......
...............b....
.........b.b).......
# #
.....b..............
#.#
##........bb........
###.#
....................
......
##..................
....... ####
...................
.......


You could see Jeremiah.

Vanquished Creatures
  Pikel (D:5)
  Grinder (D:3)
  Sigmund (D:3)
  A water moccasin (D:6)
  Duvessa (D:7)
  An ice beast (D:7)
  A sky beast (D:7)
  2 black bears
  3 ogres (D:5)
  3 lemures (D:5)
  A bullfrog (D:7)
  Blork the orc (D:5)
  6 scorpions
  Dowan (D:7)
  2 howler monkeys
  8 hounds
  An orc priest (D:5)
  2 human zombies (Ossuary)
  4 iguanas
  Ijyb (D:3)
  A sleepcap (D:5)
  Natasha (thrice) (D:3)
  4 mummies (Ossuary)
  3 gnolls (D:6)
  10 adders
  2 white imps
  2 worms
  A dart slug (D:1)
  16 orcs
  5 endoplasms
  4 giant cockroaches
  3 gnoll zombies (Ossuary)
  12 goblins
  9 hobgoblins
  6 ball pythons
  4 bats
  4 frilled lizards
  A goblin zombie (Ossuary)
  A hobgoblin zombie (Ossuary)
  4 kobolds
  A kobold zombie (Ossuary)
  3 rats
141 creatures vanquished.

Notes
Turn   | Place    | Note
-------+----------+-------------------------------------------
     0 | D:1      | garrulousMonolith the Gnoll Reaver began the quest for the
                  | Orb.
     0 | D:1      | Reached XP level 1. HP: 20/20 MP: 6/6
    88 | D:1      | Reached XP level 2. HP: 26/26 MP: 7/7
   450 | D:1      | Found a faded altar of an unknown god.
   607 | D:2      | Reached skill level 5 in Spellcasting
   607 | D:2      | Reached XP level 3. HP: 29/31 MP: 7/9
   671 | D:2      | Reached skill level 1 in Invocations
   720 | D:2      | Reached skill level 1 in Short Blades
   720 | D:2      | Reached skill level 1 in Long Blades
   720 | D:2      | Reached skill level 1 in Axes
   720 | D:2      | Reached skill level 1 in Maces & Flails
   720 | D:2      | Reached skill level 1 in Staves
   720 | D:2      | Reached skill level 1 in Ranged Weapons
   720 | D:2      | Reached skill level 1 in Throwing
   720 | D:2      | Reached skill level 1 in Armour
   720 | D:2      | Reached skill level 1 in Stealth
   720 | D:2      | Reached skill level 1 in Shields
   720 | D:2      | Reached skill level 1 in Unarmed Combat
   720 | D:2      | Reached skill level 1 in Evocations
   770 | D:2      | Reached XP level 4. HP: 35/38 MP: 11/11
   859 | D:2      | Found a white marble altar of Elyvilon.
   863 | D:2      | Learned a level 2 spell: Poisonous Vapours
  1598 | D:3      | Noticed Natasha
  1610 | D:3      | Reached skill level 1 in Hexes
  1610 | D:3      | Reached skill level 1 in Summonings
  1610 | D:3      | Reached skill level 1 in Necromancy
  1610 | D:3      | Reached skill level 1 in Translocations
  1610 | D:3      | Reached skill level 1 in Transmutations
  1610 | D:3      | Reached skill level 1 in Fire Magic
  1610 | D:3      | Reached skill level 1 in Ice Magic
  1610 | D:3      | Reached skill level 1 in Air Magic
  1610 | D:3      | Reached skill level 1 in Earth Magic
  1610 | D:3      | Reached skill level 1 in Poison Magic
  1610 | D:3      | Reached skill level 1 in Shapeshifting
  1620 | D:3      | Killed Natasha
  1939 | D:3      | Noticed Sigmund
  1954 | D:3      | Killed Sigmund
  1955 | D:3      | Reached skill level 5 in Fighting
  1955 | D:3      | Reached skill level 5 in Dodging
  1955 | D:3      | Reached XP level 5. HP: 36/44 MP: 12/12
  1955 | D:3      | Reached XP level 6. HP: 42/51 MP: 14/14
  2043 | D:3      | Noticed Ijyb
  2067 | D:3      | Killed Ijyb
  2147 | D:3      | Noticed Natasha
  2153 | D:3      | Killed Natasha
  2197 | D:3      | Noticed Grinder
  2201 | D:3      | Paralysed by Grinder for 2 turns
  2227 | D:3      | Killed Grinder
  2228 | D:3      | Reached skill level 7 in Polearms
  2228 | D:3      | Reached XP level 7. HP: 31/56 MP: 15/15
  2381 | D:3      | Found a runed translucent door.
  2382 | D:3      | Noticed Crazy Yiuf
  2416 | D:3      | Identified the +6 short sword "Boubammo" {drain, rElec
                  | Str+2}
  2556 | D:3      | Noticed Natasha
  2563 | D:3      | Killed Natasha
  2672 | D:3      | Learned a level 3 spell: Hailstorm
  3307 | D:4      | Reached XP level 8. HP: 63/63 MP: 16/16
  3309 | D:4      | Learned a level 1 spell: Shock
  3662 | D:5      | Entered Level 5 of the Dungeon
  3743 | D:5      | Noticed Blork the orc
  3757 | D:5      | Killed Blork the orc
  4031 | D:5      | Noticed Pikel
  4045 | D:5      | Killed Pikel
  4046 | D:5      | Reached XP level 9. HP: 62/69 MP: 18/18
  4179 | D:5      | Found Jimeyfoa's Magic Scroll Shop.
  4185 | D:5      | Bought a scroll of blinking for 97 gold pieces
  4791 | D:6      | Found a staircase to the Ecumenical Temple.
  4826 | Temple   | Entered the Ecumenical Temple
  4870 | Temple   | Became a worshipper of Ashenzari the Shackled
  5133 | D:6      | Found a snail-covered altar of Cheibriados.
  5135 | D:6      | Found a shimmering altar of Xom.
  5160 | D:6      | Reached skill level 8 in Polearms
  5190 | D:6      | Found a sacrificial altar of Ru.
  5488 | D:6      | Learned a level 4 spell: Flame Wave
  5528 | D:7      | Found a sand-covered staircase.
  5538 | Ossuary  | Entered an ossuary
  5988 | D:7      | Reached skill level 5 in Invocations
  6230 | D:7      | Noticed Duvessa
  6232 | D:7      | Noticed Dowan
  6244 | D:7      | Killed Duvessa
  6248 | D:7      | Killed Dowan
  6397 | D:7      | Found a shimmering blue altar of Sif Muna.
  6397 | D:7      | Found a white marble altar of Elyvilon.
  6547 | D:7      | Identified the +8 quarterstaff of Somewhere Else {spect,
                  | rPois MP+9 Dex+3}
  6567 | D:7      | Noticed Jeremiah
  6587 | D:7      | Killed from afar by Jeremiah

Illustrated notes

Levels and vault maps discovered:
D:1:      dpeg_arrival_simpleton_c, layout_rooms, serial_bayou,
          serial_bayou_shore_b, serial_bayou_lagoon_a, serial_bayou_lagoon_b,
          serial_bayou_pond_c, ebering_ecumenical_altar_box
D:2:      minmay_recursive_quarters, layout_basic, basic_altar
D:3:      layout_loops_ring, corexii_hall_statues_l, uniq_natasha, uniq_ijyb,
          uniq_sigmund, uniq_grinder, uniq_crazy_yiuf_cottage
D:4:      kennysheep_the_goblin_king, layout_basic,
          nicolae_elevator_lobby_asterisk
D:5:      layout_cave_pools, serial_column_ruins, column_ruins_pillar_3,
          column_ruins_pillar_4, column_ruins_pillar_1, column_ruins_pillar_9,
          column_ruins_pillar_2, column_ruins_pillar_6, column_ruins_pillar_1,
          column_ruins_pillar_4, column_ruins_pillar_9, column_ruins_pillar_2,
          column_ruins_pillar_4, column_ruins_pillar_9, column_ruins_pillar_2,
          column_ruins_pillar_9, column_ruins_pillar_6, column_ruins_pillar_6,
          column_ruins_pillar_2, column_ruins_pillar_5, serial_shops,
          nicolae_shop_stone, uniq_pikel, uniq_blork_the_orc
D:6:      layout_loops_ring, grunt_temple_overflow_open,
          minmay_temple_entry_offerings
D:7:      layout_basic, gammafunk_temple_overflow_wave, enter_ossuary_1,
          uniq_duvessa, uniq_jeremiah
Temple:   regret_index_temple_generic_petals

Skill      XL: |  1  2  3  4  5  6  7  8  9 |
---------------+----------------------------+-----
Spellcasting   | 5 6 7 |  7.0
Invocations    | 1 2 3 4 5 |  5.2
Short Blades   | 1 2 3 4 |  4.8
Long Blades    | 1 2 3 4 |  4.8
Axes           | 1 2 3 4 |  4.8
Maces & Flails | 1 2 3 4 |  4.8
Staves         | 1 2 3 4 |  4.8
Ranged Weapons | 1 2 3 4 |  4.8
Throwing       | 1 2 3 4 |  4.8
Armour         | 1 2 3 4 |  4.8
Stealth        | 1 2 3 4 |  4.8
Shields        | 1 2 3 4 |  4.8
Unarmed Combat | 1 2 3 4 |  4.8
Evocations     | 1 2 3 4 |  4.8
Hexes          | 1 2 3 |  3.9
Summonings     | 1 2 3 |  3.9
Necromancy     | 1 2 3 |  3.9
Translocations | 1 2 3 |  3.9
Transmutations | 1 2 3 |  3.9
Fire Magic     | 1 2 3 |  3.9
Ice Magic      | 1 2 3 |  3.9
Air Magic      | 1 2 3 |  3.9
Earth Magic    | 1 2 3 |  3.9
Poison Magic   | 1 2 3 |  3.9
Shapeshifting  | 1 2 3 |  3.9
Fighting       | 5 6 |  6.7
Dodging        | 5 6 |  6.7
Polearms       | 7 8 |  8.2
Conjurations   | 6 |  6.8

Action                     |  1- 3 |  4- 6 |  7- 9 || total
---------------------------+-------+-------+-------++-------
  Melee: Spear             |   117 |    96 |   230 ||   443
         Bite              |    10 |     7 |    44 ||    61
         Halberd           |       |    33 |     3 ||    36
         Short sword       |       |       |   128 ||   128
         Punch             |       |       |     4 ||     4
         Quarterstaff      |       |       |     4 ||     4
   Cast: Kiss of Death     |       |     1 |       ||     1
         Shock             |       |       |    65 ||    65
 Invoke: Curse Item        |       |       |     1 ||     1
  Evoke: Wand              |       |     3 |     2 ||     5
    Use: Scroll            |     3 |     3 |     7 ||    13
         Potion            |       |     2 |     2 ||     4
   Stab: Sleeping          |       |     1 |    13 ||    14
 Armour: Leather armour    |     1 |     2 |    65 ||    68
         Ring mail         |    31 |    29 |       ||    60
  Dodge: Dodged            |    35 |    36 |   203 ||   274
   Form: Beast             |       |     1 |       ||     1
                           |       |       |     1 ||     1

Table legend: (Time is in decaauts)
 A = Elapsed time spent in this place.
 B = Non-inter-level travel time spent in this place.
 C = Inter-level travel time spent in this place.
 D = Time resting spent in this place.
 E = Time spent auto-exploring this place.
 F = Levels seen in this place.
 G = Mean time per level.
                   A        B        C        D        E       F      G
               +--------+--------+--------+--------+--------+-----+--------+
         Total |   6492 |   6274 |    218 |    731 |   4223 |   9 |  721.3 |
       Dungeon |   6015 |   5877 |    138 |    631 |   4054 |   7 |  859.3 |
        Temple |     86 |      6 |     80 |      0 |      0 |   1 |   86.0 |
       Ossuary |    389 |    389 |      0 |    100 |    169 |   1 |  389.0 |
               +--------+--------+--------+--------+--------+-----+--------+

Top non-repeatable levels by time:
     D:3: 1222 daAuts
     D:4: 954 daAuts
     D:5: 919 daAuts
     D:2: 851 daAuts
     D:6: 782 daAuts
     D:7: 669 daAuts
     D:1: 616 daAuts
 Ossuary: 389 daAuts
  Temple: 86 daAuts
